 Dungeon Crawl Stone Soup version 0.31-a0-700-gf13585253f (webtiles) character file.

Game seed: 8412062829969257787

24630 cforsyth the Warrior (level 13, -4/86 HPs)
             Began as a Djinni Chaos Knight on Sept 7, 2023.
             Was a High Priest of Hepliaklqana.
             Hit by a large rock thrown by a cyclops (28 damage)
             ... on level 14 of the Dungeon.
             The game lasted 00:37:11 (20345 turns).

cforsyth the Warrior (Djinni Chaos Knight)         Turns: 20345, Time: 00:37:11

Health: -4/86      AC: 10    Str: 10    XL:     13   Next: 44%
Gold:   972        EV: 12    Int: 16    God:    Hepliaklqana [*****.] SH:  5 Dex: 26

rFire   + + .        c - +10 morningstar "Eos" {elec, Halo rElec}
rCold   . . .        (no shield)
rNeg    . . .        b - +2 leather armour
rPois   ∞            h - +1 helmet of the Eternal Fruit {rF+}
rElec   +            S - +0 cloak {Stlth+}
rCorr   .            H - +1 pair of gloves {Dex+3}
SInv    .            (boots unavailable)
Will    +....        N - amulet of reflection
Stlth   +            s - +6 ring of dexterity
HPRegen 0.34/turn    v - ring of ice
MPRegen 0.00/turn

%: reflection, infuse magic (-5 HP)
@: about to teleport, flying, glowing
A: reduced essence, sickness immunity, fire resistance 2, cold vulnerability 1,
float, innate caster, HP casting, extra vitality 1, iridescent scales 1, agile
1, deformed body, dopey 1, frail 1, inability to read after injury 1, noise
suppression
a: Renounce Religion, Recall Ancestor, Ancestor Identity, Transference, Idealise


You were on level 14 of the Dungeon.
You worshipped Hepliaklqana.
Hepliaklqana was extremely pleased with you.
You visited 1 branch of the dungeon, and saw 14 of its levels.
You also visited: Ossuary and Bailey.

You collected 972 gold pieces.

Inventory:

Hand Weapons
 c - the +10 morningstar "Eos" (weapon) {elec, Halo rElec}
   (You found it on level 4 of the Dungeon)

   Halo:      It grants its wielder a halo, revealing invisible creatures and
   increasing accuracy against all within it other than the wielder.
   rElec:     It insulates you from electricity.
 R - the +4 war axe "Benenuogg" {freeze, Fly Stlth+}
   (You found it in a bailey)

   Fly:       It grants you flight.
   Stlth+:    It makes you more stealthy.
Armour
 a - a +1 leather armour of willpower
 b - a +2 leather armour (worn)
 h - the +1 helmet of the Eternal Fruit (worn) {rF+}
   (Xom gifted it to you on level 1 of the Dungeon)

   rF+:       It protects you from fire.
 H - a +1 pair of gloves of dexterity (worn)
 Q - the +6 plate armour "Anich" {Int+5 Dex-2 SInv}
   (You found it in a bailey)

   Int+5:     It affects your intelligence (+5).
   Dex-2:     It affects your dexterity (-2).
   SInv:      It lets you see invisible.
 S - a +0 cloak of stealth (worn)
Jewellery
 e - an amulet of the acrobat
 s - a +6 ring of dexterity (left hand)
 v - a ring of ice (right hand)
 L - a +6 ring of dexterity
 N - an amulet of reflection (around neck)
 W - a ring of positive energy
 Y - a ring of ice
Wands
 m - a wand of flame (75)
 I - a wand of mindburst (16)
 J - a wand of iceblast (11)
 P - a wand of digging (2)
 U - a wand of charming (9)
 Z - a wand of light (3)
Scrolls
 d - 6 scrolls of enchant armour
 f - a scroll of brand weapon {unknown}
 g - 4 scrolls of fog {unknown}
 k - 4 scrolls of amnesia {unknown}
 n - 5 scrolls of teleportation
 o - 3 scrolls of fear {unknown}
 q - 3 scrolls of poison {unknown}
 r - a scroll of silence {unknown}
 u - a scroll of identify
 w - 4 scrolls of vulnerability {unknown}
 x - 2 scrolls of revelation {unknown}
 y - a scroll of enchant weapon
 A - 2 scrolls of immolation
 C - 2 scrolls of noise {unknown}
 M - a scroll of acquirement {unknown}
 O - a scroll of summoning {unknown}
Potions
 i - a potion of mutation
 j - 4 potions of degeneration
 l - a potion of cancellation
 p - 4 potions of haste
 t - a potion of berserk rage
 z - 3 potions of brilliance
 B - 3 potions of heal wounds
 D - a potion of magic
 E - 2 potions of lignification
 F - 3 potions of might
 G - 4 potions of curing
 K - a potion of enlightenment {unknown}
 T - 3 potions of ambrosia
 V - a potion of invisibility {unknown}
 X - a potion of attraction


   Skills:
 + Level 15.6 Fighting
 - Level 2.6 Long Blades
 - Level 1.0 Armour
 - Level 2.1 Dodging
 + Level 11.6 Spellcasting
 + Level 11.6 Conjurations
 + Level 11.6 Hexes
 + Level 11.6 Summonings
 + Level 11.6 Necromancy
 + Level 11.6 Translocations
 + Level 11.6 Transmutations
 + Level 11.6 Fire Magic
 + Level 11.6 Ice Magic
 + Level 11.6 Air Magic
 + Level 11.6 Earth Magic
 + Level 11.6 Poison Magic


You knew the following spells:

 Your Spells              Type           Power      Damage    Failure   Level
a - Kiss of Death         Conj/Necr      100%       2d13      1%          1
b - Wereblood             Tmut           46%        N/A       1%          2
c - Fulminant Prism       Conj/Hex       23%        3d12      1%          4
d - Summon Guardian Gole  Hex/Summ       46%        N/A       1%          3
e - Animate Armour        Summ/Erth      92%        N/A       1%          4
f - Arcjolt               Conj/Air       23%        1d33      2%          5
Your spell library was empty.

Dungeon Overview and Level Annotations

Branches:
Dungeon (14/15) Temple (0/1) D:5 Lair (0/5) D:8 Orc (0/2) D:8 D:9 Ossuary (visited) Bailey (visited) Vaults: D:13-14

Altars:
Ashenzari
Cheibriados
Dithmenos
Elyvilon
Fedhas
Hepliaklqana
Makhleb
Ru
Uskayaw
Wu Jian
Xom
Zin

Shops:
D:4 ?   D:8 :   D:12 :   D:13 :[?(

Annotations:
D:10 3 runed translucent doors, Stellion's ghost, journeyman DECj
D:14 Josephine


Innate Abilities, Weirdness & Mutations

Your life essence is reduced to manifest your ancestor. (-10% HP)
You are immune to sickness and miasma.
You are immune to poison.
Your flesh is very heat resistant. (rF++)
You are vulnerable to cold. (rC-)
You float through the air rather than walking.
You learn spells naturally, not from books.
Your magical power is your life essence.
You have superior vitality. (+4 MHP)
You are partially covered in iridescent scales. (AC +2)
You are agile. (Dex +4, Str/Int -1)
Armour fits poorly on your strangely shaped body.
You are dopey. (Int -2)
You are frail. (-10% HP)
You occasionally lose the ability to read scrolls when taking damage.
You passively dampen the noise of your surroundings.


Message History

* * * LOW HITPOINT WARNING * * *
The slime creature attacks as it pursues you!
The slime creature misses you.
The slime creature attacks as it pursues you!
The slime creature hits you but does no damage.
There is a stone staircase leading down here.
The slime creature barely misses you. The slime creature hits you!
* * * LOW HITPOINT WARNING * * *
You fly downwards.
You feel a wave of frost pass over you.
There is an entrance to an ice cave on this level.
Hurry and find it before the portal melts!
Found a buckler and 12 gold pieces.
There is a stone staircase leading up here.
Okay, then.
You feel much better. The slime creature closely misses you.
The slime creature hits you.
As you read the scroll of teleportation, it crumbles to dust.
You feel strangely unstable. You block the slime creature's attack.
The slime creature hits you!
The slime creature attacks as it pursues you!
The slime creature hits you!
* * * LOW HITPOINT WARNING * * *
Josephine the Decaying Necromancer comes into view.
She is wielding a +0 dagger.
The slime creature attacks as it pursues you!
The slime creature hits you!
* * * LOW HITPOINT WARNING * * *
You feel much better.
Your surroundings suddenly seem different.
A cyclops and 6 slime creatures come into view.
Found 6 stones.
Found an escape hatch in the floor.
The cyclops shouts!
The slime creature quivers.
A snapping turtle comes into view.
Unknown command.
Unknown command.
As you read the scroll of teleportation, it crumbles to dust.
You feel strangely unstable.
The slime creature quivers.
The cyclops throws a large rock.
The large rock hits you!!
You die...

...>.#
##.... .
##....# ..
.....# t..
###.JJJ#....
#...J(J.C...
#...J.......
#...@.......
###.....#.##
#.#...# ##
##... ...#
###


You could see 6 slime creatures, a snapping turtle and a cyclops.

Vanquished Creatures
  A centaur warrior (D:13)
  A lindwurm (D:13)
  The ghost of Lysca the Thaumaturge, a novice DECj (D:7)
  An orc knight (Bailey)
  A cyclops (D:13)
  An ugly thing (D:11)
  The ghost of bchevrier the Ducker, a novice GnWn of Ashenzari (D:5)
  The ghost of MathMan16 the Magician, a novice DjFE of Yredelemnul (D:5)
  An unseen horror (D:12)
  A queen bee (D:7)
  A hornet (D:7)
  The ghost of cforsyth the Trooper, an amateur DjCK of Xom (D:4)
  The ghost of soul19 the Trooper, an amateur GrFi of Hepliaklqana (D:5)
  2 slime creatures
  Sigmund (D:4)
  A shadow (D:11)
  5 wyverns (D:8)
  5 yaks
  3 vampire mosquitoes (D:13)
  3 acid dragons
  A water moccasin (D:9)
  5 orc warriors
  A sky beast (D:6)
  A black bear (D:7)
  An ice beast (D:6)
  2 wolves (D:8)
  4 centaurs
  A phantom (D:5)
  2 kobold brigands
  A bullfrog (D:8)
  7 scorpions
  24 killer bees
  4 howler monkeys
  A knight (D:12)
  2 crimson imps (D:10)
  An orc priest (D:8)
  A hound (D:6)
  3 jellies
  An iguana (D:4)
  Ijyb (D:3)
  Natasha (thrice) (D:2)
  10 orc wizards
  9 gnolls
  4 adders
  3 shadow imps
  An ufetubus (D:4)
  A worm (D:4)
  3 dart slugs
  37 orcs
  9 ball pythons
  3 bats (D:2)
  9 endoplasms
  7 giant cockroaches
  2 gnoll zombies (Ossuary)
  2 goblins
  7 hobgoblins
  7 jackals
  17 kobolds
  10 quokkas
  3 frilled lizards
  3 gnoll skeletons (Ossuary)
  2 goblin skeletons (Ossuary)
  4 goblin zombies (Ossuary)
  4 hobgoblin skeletons (Ossuary)
  2 hobgoblin zombies (Ossuary)
  3 kobold skeletons (Ossuary)
  5 kobold zombies (Ossuary)
  4 orc skeletons (Ossuary)
  2 orc zombies (Ossuary)
  9 rats
  7 rat skeletons (Ossuary)
  9 rat zombies
298 creatures vanquished.

Vanquished Creatures (collateral kills)
  Erica (D:8)
  2 two-headed ogres
  2 lindwurms (D:13)
  An ugly thing (D:12)
  2 cyclopes
  Maurice (D:9)
  An unseen horror (D:10)
  A hornet (D:8)
  A vampire (D:11)
  5 yaks
  Grum (D:8)
  An acid dragon (D:8)
  2 orc warriors
  An ice beast (D:7)
  2 kobold brigands
  6 killer bees
  A howler monkey (D:9)
  2 crimson imps (D:10)
  An orc wizard (D:7)
  2 mummies (Ossuary)
  7 orcs
  5 kobolds
  A gnoll skeleton (Ossuary)
  A hobgoblin zombie (Ossuary)
  An orc zombie (Ossuary)
  A rat skeleton (Ossuary)
  A rat zombie (Ossuary)
53 creatures vanquished.

Vanquished Creatures (others)
  A hydra (D:13)
  Harold (D:9)
  A boulder beetle (D:12)
  A centaur warrior (D:13)
  A two-headed ogre (D:10)
  A tengu warrior (D:13)
  A lindwurm (D:13)
  An orc knight (Bailey)
  A manticore (D:13)
  The ghost of randomguy2701 the Chopper, a novice HOFi of Beogh (D:5)
  A komodo dragon (D:8)
  7 yaks
  Menkaure (Ossuary)
  An orc warrior (Bailey)
  A black bear (D:3)
  An ogre (D:6)
  A wolf (D:8)
  A killer bee (D:7)
  2 hounds
  A gnoll bouda (D:4)
  An orc priest (D:4)
  3 iguanas
  5 knights
  A mummy (Ossuary)
  2 ancestors
  10 gnolls
  A white imp (D:6)
  A worm (D:5)
  An orc (D:6)
  3 kobolds (D:7)
  13 fulminant prisms
68 creatures vanquished.

Grand Total: 419 creatures vanquished

Notes
Turn   | Place    | Note
-------+----------+-------------------------------------------
     0 | D:1      | cforsyth the Djinni Chaos Knight began the quest for the
                  | Orb.
     0 | D:1      | Reached XP level 1. HP: 20/20 MP: 0/0
    41 | D:1      | Found a faded altar of an unknown god.
    79 | D:1      | Reached XP level 2. HP: 23/25 MP: 0/0
   220 | D:1      | Reached skill level 1 in Spellcasting
   220 | D:1      | Reached skill level 1 in Conjurations
   220 | D:1      | Reached skill level 1 in Hexes
   220 | D:1      | Reached skill level 1 in Summonings
   220 | D:1      | Reached skill level 1 in Necromancy
   220 | D:1      | Reached skill level 1 in Translocations
   220 | D:1      | Reached skill level 1 in Transmutations
   220 | D:1      | Reached skill level 1 in Fire Magic
   220 | D:1      | Reached skill level 1 in Ice Magic
   220 | D:1      | Reached skill level 1 in Air Magic
   220 | D:1      | Reached skill level 1 in Earth Magic
   220 | D:1      | Reached skill level 1 in Poison Magic
   220 | D:1      | Reached XP level 3. HP: 21/30 MP: 0/0
   220 | D:1      | Learned a level 1 spell: Kiss of Death
   507 | D:1      | Identified the +1 helmet of the Eternal Fruit {rF+} (Xom
                  | gifted it to you on level 1 of the Dungeon)
   507 | D:1      | XOM: god gift: +1 helmet of the Eternal Fruit {rF+}
   848 | D:1      | XOM: god gift: book of Touch
   900 | D:2      | XOM: smoke on damage
   995 | D:2      | Reached XP level 4. HP: 20/37 MP: 0/0
  1018 | D:2      | Reached skill level 4 in Fighting
  1183 | D:2      | Noticed Natasha
  1189 | D:2      | XOM: divination: detect creatures
  1190 | D:2      | Killed Natasha
  1191 | D:2      | Reached XP level 5. HP: 30/42 MP: 0/0
  1191 | D:2      | Learned a level 2 spell: Wereblood
  1697 | D:2      | XOM: give mutations
  1697 | D:2      | Gained mutation: You passively dampen the noise of your
                  | surroundings. [Xom's grace]
  1697 | D:2      | Gained mutation: You are partially covered in iridescent
                  | scales. (AC +2) [Xom's grace]
  1697 | D:2      | Gained mutation: You have very sharp teeth. [Xom's grace]
  1697 | D:2      | Gained mutation: You have extremely sharp teeth. [Xom's
                  | grace]
  1759 | D:2      | Noticed Natasha
  1775 | D:2      | Killed Natasha
  2015 | D:2      | Found a hide-covered altar of Uskayaw.
  2230 | D:2      | Noticed Natasha
  2377 | D:3      | Noticed Ijyb
  2379 | D:3      | XOM: scenery: create altars
  2392 | D:3      | Killed Ijyb
  2393 | D:3      | Reached XP level 6. HP: 40/49 MP: 0/0
  2920 | D:3      | XOM: cloud trail
  2956 | D:3      | Noticed a black bear
  2963 | D:3      | Killed a black bear
  2963 | D:3      | XOM: divine lightning
  2964 | D:3      | Reached skill level 5 in Fighting
  3060 | D:3      | XOM: give mutation
  3353 | D:4      | Found a burning altar of Makhleb.
  3370 | D:4      | Noticed Sigmund
  3372 | D:4      | XOM: enchant monster (good)
  3378 | D:4      | Killed Sigmund
  3379 | D:4      | Reached XP level 7. HP: 55/55 MP: 0/0
  3379 | D:4      | Learned a level 3 spell: Summon Guardian Golem
  3413 | D:4      | XOM: 8-stop teleportation journey
  3548 | D:4      | Reached skill level 6 in Fighting
  3583 | D:4      | Found a runed translucent door.
  3583 | D:4      | Noticed cforsyth's ghost (amateur DjCK)
  3583 | D:4      | Found the +10 morningstar "Eos" {elec, Halo rElec}
  3624 | D:4      | Found a hazy altar of Hepliaklqana.
  3629 | D:4      | Fell from the grace of Xom
  3629 | D:4      | Became a worshipper of Hepliaklqana the Forgotten
  3884 | D:4      | Found Peagh's Magic Scroll Shoppe.
  3999 | D:4      | Reached XP level 8. HP: 59/62 MP: 0/0
  4117 | D:4      | XOM: give mutation
  4117 | D:4      | Lost mutation: You have extremely sharp teeth. [Xom's
                  | mischief]
  4117 | D:4      | Lost mutation: You have very sharp teeth. [Xom's mischief]
  4117 | D:4      | Gained mutation: You have a beak for a mouth. [Xom's
                  | mischief]
  4320 | D:4      | Found a blossoming altar of Fedhas.
  4390 | D:4      | XOM: draining
  4434 | D:5      | Entered Level 5 of the Dungeon
  4524 | D:5      | Reached skill level 7 in Fighting
  4658 | D:5      | XOM: god gift: 46 gold pieces
  4720 | D:5      | Found a staircase to the Ecumenical Temple.
  4911 | D:5      | XOM: 1-stop teleportation journey
  4928 | D:5      | XOM: noise
  5255 | D:5      | Found a sacrificial altar of Ru.
  5445 | D:5      | Reached skill level 5 in Spellcasting
  5445 | D:5      | Reached skill level 5 in Conjurations
  5445 | D:5      | Reached skill level 5 in Hexes
  5445 | D:5      | Reached skill level 5 in Summonings
  5445 | D:5      | Reached skill level 5 in Necromancy
  5445 | D:5      | Reached skill level 5 in Translocations
  5445 | D:5      | Reached skill level 5 in Transmutations
  5445 | D:5      | Reached skill level 5 in Fire Magic
  5445 | D:5      | Reached skill level 5 in Ice Magic
  5445 | D:5      | Reached skill level 5 in Air Magic
  5445 | D:5      | Reached skill level 5 in Earth Magic
  5445 | D:5      | Reached skill level 5 in Poison Magic
  5564 | D:4      | XOM: polymorph butterfly -> bat
  5598 | D:5      | XOM: noise
  6126 | D:5      | Found a runed translucent gate.
  6127 | D:5      | Found a runed translucent gate.
  6127 | D:5      | Found a runed translucent gate.
  6128 | D:5      | Noticed bchevrier's ghost (novice GnWn)
  6128 | D:5      | Noticed MathMan16's ghost (novice DjFE)
  6128 | D:5      | Noticed randomguy2701's ghost (novice HOFi)
  6128 | D:5      | Noticed soul19's ghost (amateur GrFi)
  6370 | D:6      | Found a sand-covered staircase.
  6373 | D:6      | Reached * piety under Hepliaklqana
  6393 | Ossuary  | Entered an ossuary
  7098 | Ossuary  | Noticed Menkaure
  7165 | Ossuary  | Killed Menkaure
  7166 | Ossuary  | Reached skill level 8 in Fighting
  7166 | Ossuary  | Reached XP level 9. HP: 63/63 MP: 0/0
  7166 | Ossuary  | Learned a level 4 spell: Fulminant Prism
  7210 | Ossuary  | XOM: summons 7 hostile demons
  7692 | D:6      | Found a shadowy altar of Dithmenos.
  7715 | D:6      | Found a white marble altar of Elyvilon.
  8159 | D:7      | Reached skill level 9 in Fighting
  8319 | D:7      | Found an ornate altar of the Wu Jian Council.
  8382 | D:7      | XOM: 2-stop teleportation journey
  8426 | D:7      | XOM: god gift: leather armour {god gift}
  8458 | D:7      | Noticed a queen bee
  8562 | D:7      | Reached ** piety under Hepliaklqana
  8563 | D:7      | Remembered your ancestor Sizwe as a knight
  8640 | D:7      | Found a glowing silver altar of Zin.
  8640 | D:7      | Noticed an angel
  8678 | D:7      | Reached XP level 10. HP: 66/71 MP: 0/0
  8771 | D:7      | Noticed Lysca's ghost (novice DECj)
  8773 | D:7      | Found a transporter.
  8778 | D:7      | Found a transporter.
  8809 | D:7      | XOM: scenery: summon butterflies
  8906 | D:8      | Noticed Erica
  8906 | D:8      | Found a broken altar of Ashenzari.
  8908 | D:8      | Found Ruysento's Self-Improvement Boutique.
  9134 | D:8      | Killed Erica
  9135 | D:8      | Reached skill level 10 in Fighting
  9483 | D:8      | XOM: give mutations
  9483 | D:8      | Lost mutation: You have a beak for a mouth. [Xom's
                  | mischief]
  9483 | D:8      | Gained mutation: You are dopey. (Int -2) [Xom's mischief]
  9638 | D:8      | Noticed Grum
  9641 | D:8      | Noticed a komodo dragon
  9645 | D:8      | Reached skill level 11 in Fighting
  9656 | D:8      | Killed Grum
  9670 | D:8      | Killed a komodo dragon
 10019 | D:8      | Found a staircase to the Lair.
 10230 | D:8      | XOM: give mutation
 10230 | D:8      | Gained mutation: You occasionally lose the ability to read
                  | scrolls when taking damage. [Xom's mischief]
 10283 | D:9      | Found a flagged portal.
 10293 | D:9      | Noticed Harold
 10306 | D:9      | Killed Harold
 10307 | D:9      | Reached XP level 11. HP: 78/80 MP: 0/0
 10307 | D:9      | Learned a level 4 spell: Animate Armour
 10308 | D:9      | XOM: 2-stop teleportation journey
 10335 | D:9      | Reached skill level 12 in Fighting
 10374 | Bailey   | Entered a bailey
 10484 | Bailey   | XOM: noise
 10547 | Bailey   | Noticed an orc knight
 10705 | Bailey   | Killed an orc knight
 10789 | Bailey   | XOM: give mutations
 10789 | Bailey   | Gained mutation: You are agile. (Dex +4, Str/Int -1) [Xom's
                  | mischief]
 10789 | Bailey   | Gained mutation: Armour fits poorly on your strangely
                  | shaped body. [Xom's mischief]
 10791 | Bailey   | Identified the +6 plate armour "Anich" {Int+5 Dex-2 SInv}
 10793 | Bailey   | Identified the +4 war axe "Benenuogg" {freeze, Fly Stlth+}
 10816 | Bailey   | Noticed an orc knight
 10828 | Bailey   | Killed an orc knight
 11192 | D:9      | Found a snail-covered altar of Cheibriados.
 11230 | D:9      | XOM: 1-stop teleportation journey
 11248 | D:9      | XOM: give mutation
 11248 | D:9      | Gained mutation: You are frail. (-10% HP) [Xom's mischief]
 11449 | D:9      | Reached *** piety under Hepliaklqana
 11468 | D:9      | Found a staircase to the Orcish Mines.
 11856 | D:9      | Noticed Maurice
 11867 | D:9      | Killed Maurice
 12118 | D:10     | Entered Level 10 of the Dungeon
 12149 | D:10     | Reached skill level 13 in Fighting
 12371 | D:10     | Found a runed translucent gate.
 12371 | D:10     | Found a runed translucent gate.
 12371 | D:10     | Found a runed translucent gate.
 12371 | D:10     | Noticed Stellion's ghost (journeyman DECj)
 12414 | D:10     | Reached XP level 12. HP: 76/78 MP: 0/0
 12432 | D:10     | Noticed a two-headed ogre
 12450 | D:10     | Killed a two-headed ogre
 13294 | D:10     | XOM: silly message
 13426 | D:10     | Reached skill level 10 in Spellcasting
 13426 | D:10     | Reached skill level 10 in Conjurations
 13426 | D:10     | Reached skill level 10 in Hexes
 13426 | D:10     | Reached skill level 10 in Summonings
 13426 | D:10     | Reached skill level 10 in Necromancy
 13426 | D:10     | Reached skill level 10 in Translocations
 13426 | D:10     | Reached skill level 10 in Transmutations
 13426 | D:10     | Reached skill level 10 in Fire Magic
 13426 | D:10     | Reached skill level 10 in Ice Magic
 13426 | D:10     | Reached skill level 10 in Air Magic
 13426 | D:10     | Reached skill level 10 in Earth Magic
 13426 | D:10     | Reached skill level 10 in Poison Magic
 13501 | D:10     | Found a shimmering altar of Xom.
 13834 | D:4      | Killed cforsyth's ghost
 14117 | D:2      | Found a hide-covered altar of Uskayaw.
 14586 | D:2      | XOM: silly message
 14586 | D:2      | Was forgiven by Xom
 14634 | D:2      | Killed Natasha
 14882 | D:5      | Killed randomguy2701's ghost
 14882 | D:5      | Killed bchevrier's ghost
 14885 | D:5      | Killed MathMan16's ghost
 14889 | D:5      | Killed soul19's ghost
 15575 | D:7      | Killed Lysca's ghost
 15576 | D:7      | Reached skill level 14 in Fighting
 16583 | D:11     | Reached **** piety under Hepliaklqana
 17112 | D:12     | Noticed a boulder beetle
 17450 | D:12     | Killed a boulder beetle
 18123 | D:12     | Noticed a two-headed ogre
 18136 | D:12     | Killed a two-headed ogre
 18222 | D:12     | Found Loytigic's Book Emporium.
 18866 | D:13     | Found Rykujubbe's Book Emporium.
 18904 | D:13     | Noticed a five-headed hydra
 18914 | D:13     | Killed a five-headed hydra
 18915 | D:13     | Reached XP level 13. HP: 57/84 MP: 0/0
 18915 | D:13     | Learned a level 5 spell: Arcjolt
 19007 | D:13     | Found Hofostrui's Armour Shop.
 19009 | D:13     | Found the +15 Maxwell's patent armour {-Cast -Tele rElec
                  | Will+ rCorr}
 19408 | D:13     | Reached skill level 15 in Fighting
 19625 | D:13     | Reached ***** piety under Hepliaklqana
 19854 | D:13     | Found Yzoffi's Antique Weapon Emporium.
 19876 | D:13     | Noticed a centaur warrior
 19887 | D:13     | Killed a centaur warrior
 20009 | D:13     | Found Maejey's Magic Scroll Boutique.
 20307 | D:13     | Noticed a centaur warrior
 20318 | D:13     | HP: 4/86 [centaur warrior/arrow (7)]
 20320 | D:13     | Killed a centaur warrior
 20339 | D:14     | Noticed an entropy weaver
 20343 | D:14     | Noticed Josephine
 20343 | D:14     | HP: 1/86 [slime creature (14)]
 20345 | D:14     | Hit by a large rock thrown by a cyclops

Illustrated notes

Levels and vault maps discovered:
D:1:      dpeg_arrival_yet_another_circle, layout_loops_ring,
          ebering_ecumenical_altar_hall, st_stairs_3
D:2:      layout_loops_corners, basic_altar, uniq_natasha
D:3:      minmay_octagon_keep, layout_basic, serial_glass, glass_columns_a,
          glass_columns_a, glass_columns_b, glass_columns_a,
          minmay_misc_feat_hallway, hangedman_feature_mirror,
          supply_closet_lemuel, uniq_ijyb
D:4:      layout_rooms, bloody_makhleb, kennysheep_mini_moat, fedhas_altar_4,
          ebering_ghost_inner_flame, serial_shops, nicolae_shop_rolled_up,
          hex_large, uniq_sigmund
D:5:      layout_basic, mainiacjoe_overflow_chevrons, vehumet_altar_wand_db,
          minmay_temple_entry_antechambers, gammafunk_ghost_cemetery,
          hangedman_decor_peaks_small
D:6:      layout_gridville, nicolae_overflow_crystal_walls,
          nicolae_dithmenos_the_darkroom, enter_ossuary_1, minivault_24
D:7:      layout_rooms, nzn_wu_jian_council_hall, zin_angel,
          gammafunk_ghost_hive, hangedman_decor_points, lightli_orcish_oven
D:8:      layout_rooms, cheibrodos_ashenzari_chains, erik_lair_dragon,
          nicolae_shop_self_help, uniq_erica, uniq_grum
D:9:      layout_irregular_city, lemuel_tele_altar,
          lemuel_zombie_altar_kikubaaqudgha, enter_bailey_2, uniq_harold,
          uniq_maurice
D:10:     layout_roguey, led_xom_imps, gammafunk_ghost_necromancy
D:11:     layout_loops_corners
D:12:     layout_loops_ring, serial_shops, nicolae_shop_stone
D:13:     layout_irregular_city, serial_shops,
          nicolae_shop_tiny_real_fake_doors, shop, nicolae_shop_peninsula, shop,
          minmay_lindwurm_lava
D:14:     layout_cave_pools, erik_vaults_2, portal_ice_cave_entry_frozen_things,
          kennysheep_generic_room_10, uniq_josephine

Skill      XL: |  1  2  3  4  5  6  7  8  9 10 11 12 13 |
---------------+----------------------------------------+-----
Spellcasting   | 1 2 3 4 5 6 8 9 11 | 11.6
Conjurations   | 1 2 3 4 5 6 8 9 11 | 11.6
Hexes          | 1 2 3 4 5 6 8 9 11 | 11.6
Summonings     | 1 2 3 4 5 6 8 9 11 | 11.6
Necromancy     | 1 2 3 4 5 6 8 9 11 | 11.6
Translocations | 1 2 3 4 5 6 8 9 11 | 11.6
Transmutations | 1 2 3 4 5 6 8 9 11 | 11.6
Fire Magic     | 1 2 3 4 5 6 8 9 11 | 11.6
Ice Magic      | 1 2 3 4 5 6 8 9 11 | 11.6
Air Magic      | 1 2 3 4 5 6 8 9 11 | 11.6
Earth Magic    | 1 2 3 4 5 6 8 9 11 | 11.6
Poison Magic   | 1 2 3 4 5 6 8 9 11 | 11.6
Fighting       | 4 5 6 8 9 11 13 14 15 | 15.6
Long Blades    | |  2.6
Armour         | |  1.0
Dodging        | |  2.1

Action                     |  1- 3 |  4- 6 |  7- 9 | 10-12 | 13-15 || total
---------------------------+-------+-------+-------+-------+-------++-------
  Melee: Falchion          |    77 |   155 |   121 |       |       ||   353
         Punch             |     1 |     4 |     4 |     3 |     1 ||    13
         Bite              |       |    11 |     8 |       |       ||    19
         Morningstar       |       |       |   120 |   254 |    26 ||   400
         Peck              |       |       |    22 |     2 |       ||    24
   Cast: Summon Guardian G |       |       |    33 |    49 |     8 ||    90
         Fulminant Prism   |       |       |       |    13 |       ||    13
         Animate Armour    |       |       |       |    11 |     6 ||    17
 Invoke: Ancestor Life: Kn |       |       |     1 |       |       ||     1
         Recall Ancestor   |       |       |       |     6 |       ||     6
  Evoke: Wand              |       |       |     1 |       |     3 ||     4
    Use: Scroll            |       |       |    13 |     4 |     3 ||    20
         Potion            |       |       |     1 |     1 |     3 ||     5
   Stab: Paralysed         |       |     5 |       |       |       ||     5
         Sleeping          |       |       |     1 |     2 |       ||     3
         Distracted        |       |       |     1 |     1 |       ||     2
 Armour: Leather armour    |    51 |   118 |   218 |   312 |    88 ||   787
  Dodge: Dodged            |    59 |    97 |   277 |   243 |    37 ||   713
  Block: Other             |       |       |       |   102 |    19 ||   121
         Reflection        |       |       |       |       |     4 ||     4

Table legend: (Time is in decaauts)
 A = Elapsed time spent in this place.
 B = Non-inter-level travel time spent in this place.
 C = Inter-level travel time spent in this place.
 D = Time resting spent in this place.
 E = Time spent auto-exploring this place.
 F = Levels seen in this place.
 G = Mean time per level.
                   A        B        C        D        E       F      G
               +--------+--------+--------+--------+--------+-----+--------+
         Total |  20641 |  19843 |    798 |   3618 |  12305 |  16 | 1290.1 |
       Dungeon |  18950 |  18152 |    798 |   3150 |  11739 |  14 | 1353.6 |
       Ossuary |   1117 |   1117 |      0 |    451 |    234 |   1 | 1117.0 |
        Bailey |    572 |    572 |      0 |     17 |    332 |   1 |  572.0 |
               +--------+--------+--------+--------+--------+-----+--------+

Top non-repeatable levels by time:
     D:2: 2209 daAuts
    D:10: 2070 daAuts
     D:5: 1789 daAuts
     D:7: 1707 daAuts
    D:13: 1603 daAuts
     D:4: 1543 daAuts
     D:9: 1380 daAuts
    D:12: 1354 daAuts
     D:8: 1231 daAuts
    D:11: 1225 daAuts
     D:3: 1157 daAuts
 Ossuary: 1117 daAuts
     D:1: 893 daAuts
     D:6: 777 daAuts
  Bailey: 572 daAuts
